 Dungeon Sprint DCSS version 0.20.0-10-g0535bb4 (webtiles) character file.

1168 Gorglomux the Fighter (level 8, -47/76 HPs)
             Began as a Formicid Fighter on June 4, 2017.
             Was the Champion of Jiyva.
             Killed from afar by a frost giant (60 damage)
             ... with a bolt of cold
             ... in the Dungeon (Sprint V: "Ziggurat Sprint").
             The game lasted 00:06:54 (1972 turns).

Gorglomux the Fighter (Formicid Fighter)            Turns: 1972, Time: 00:06:54

Health: -47/76     AC: 37    Str: 22    XL:     8   Next: 68%
Magic:  7/7        EV:  2    Int:  9    God:    Jiyva [******]
Gold:   0          SH: 31    Dex: 12    Spells: 7/7 levels left

rFire    . . .     SeeInvis +   O - +14 obsidian axe {chop, +Fly SInv *Curse} (curse)
rCold    . . .     Gourm    .   L - +18 shield of the Gong {rElec rN+ MR+ EV-5}
rNeg     + . .     Faith    .   M - +15 Maxwell's patent armour {-Cast -Tele rElec MR+ rCorr}
rPois    .         Spirit   .   (helmet unavailable)
rElec    +         Reflect  .   (no cloak)
rCorr    +         Harm     .   (no gloves)
MR       ++...     NoCast   +   (no boots)
Stlth    ..........             (no amulet)
Regen    0.3/turn               (no ring)
MPRegen  0.1/turn               (no ring)

@: mesmerised
A: permanent stasis, dig shafts and tunnels, four strong arms, antennae 3,
iridescent scales 1, molten scales 1, slimy green scales 1, agile 1, low mp 1,
shaggy fur 1, wild magic 1, acidic bite, translucent skin 2, jelly sensing items
a: Dig, Request Jelly, Slimify, Cure Bad Mutation, Renounce Religion, Evoke
Flight


You were in the Dungeon.
You worshipped Jiyva.
Jiyva was exalted by your worship.
You were very full.

You visited 1 branch

Inventory:

Hand Weapons
 O - the cursed +14 obsidian axe (weapon) {chop, +Fly SInv *Curse}
   (You found it in the Dungeon)

   It inflicts extra damage upon your enemies.
   It lets you see invisible.
   It lets you fly.
   It curses itself when equipped.
   It has a curse placed upon it.
 V - a +5 executioner's axe of flaming
Armour
 L - the +18 shield of the Gong (worn) {rElec rN+ MR+ EV-5}
   (You found it in the Dungeon)

   It affects your evasion (-5).
   It insulates you from electricity.
   It protects you from negative energy.
   It affects your resistance to hostile enchantments.
 M - the +15 Maxwell's patent armour (worn) {-Cast -Tele rElec MR+ rCorr}
   (You found it in the Dungeon)

   It insulates you from electricity.
   It affects your resistance to hostile enchantments.
   It prevents spellcasting.
   It prevents most forms of teleportation.
   It protects you from acid and corrosion.
Jewellery
 J - the ring "Xeypotun" {rCorr Dex+4}
   (You found it in the Dungeon)

   [ring of resist corrosion]

   It affects your dexterity (+4).
Scrolls
 R - 5 scrolls of identify
 S - 3 scrolls of recharging
 T - 7 scrolls of fog
 U - a scroll of holy word
 W - 5 scrolls of remove curse
 X - 2 scrolls of fear
Potions
 d - 6 potions of might
 g - 10 potions of heal wounds
 i - 7 potions of magic
 N - 5 potions of agility
 P - 4 potions of resistance
 Q - 10 potions of curing
 Y - 2 potions of brilliance
 Z - 2 potions of invisibility
Comestibles
 f - a bread ration
 K - 4 chunks of flesh


   Skills:
 + Level 12.2 Fighting
   Level 2.0 Maces & Flails
 + Level 12.2 Armour
 + Level 11.8 Shields


You had 7 spell levels left.
You didn't know any spells.

Dungeon Overview and Level Annotations

Branches:
Dungeon (1/1)

Altars:
Ashenzari
Cheibriados
Dithmenos
Elyvilon
Fedhas
Gozag
Hepliaklqana
Kikubaaqudgha
Makhleb
Nemelex Xobeh
Okawaru
Qazlal
Ru
Sif Muna
Trog
Uskayaw
Vehumet
Xom
Yredelemnul
Zin
The Shining One
Beogh
Jiyva
Lugonu

Annotations:
D 1 transporter


Innate Abilities, Weirdness & Mutations

You cannot be hasted, slowed, berserked, paralysed or teleported.
You can dig through walls and to a lower floor.
Your four strong arms can wield two-handed weapons with a shield.
You have a pair of large antennae on your head. (SInv)
You are partially covered in iridescent scales. (AC +2)
You are partially covered in molten scales. (AC +2)
You are partially covered in slimy green scales. (AC +2)
You are agile. (Dex +2)
Your magical capacity is low. (-10% MP)
You are covered in fur. (AC +1)
Your spells are a little harder to cast, but a little more powerful.
You have acidic saliva.
Your translucent skin reduces your foes' accuracy. (Stealth)
You have a small jelly attached to you that senses nearby items.


Message History

Your hellwing hits the salamander but does no damage.
The salamander closely misses your hellwing.
The frost giant casts a spell at you. The bolt of cold hits you!
* * * LOW HITPOINT WARNING * * *
You shudder from the blast and a jelly pops out!
Your hellwing hits the salamander but does no damage.
Your hellwing hits the salamander. You slash the frost giant!
You bite the frost giant, but do no damage.
The frost giant is moderately wounded.
You hit the vault warden. You slash the salamander!
You block the salamander's attack.
PANG!
The yaktaur captain unwields an uncursed arbalest.
The yaktaur captain hits your death ooze!
The frost giant points at you and mumbles some strange words.
The bolt of cold hits you!
Ouch! That really hurt!
You die... ▓........▓........▓ ▓▓▓▓▓▓▓▓▓▓▓▓▓▓▓▓▓▓▓ ▓..8©8..▓ { {{{{

▓...:...▓
{ {{{
▓..J)[..▓
▓.......▓
▓..Jpc..▓
▓...CNJ.▓
▓...@p..▓
▓.▓.(4▓.▓
▓.......▓
▓▓▓▓▓▓▓▓▓
{{{ {{{


You could see a frost giant, a vault warden, a yaktaur captain, a vault guard, a
salamander, a neutral slime creature (fellow slime), a friendly acid blob, a
friendly death ooze and a friendly hellwing.

Vanquished Creatures
  A death scarab (D)
  2 porcupines (D)
  A wolf (D)
  2 quasits (D)
  2 orc priests (D)
  2 orc wizards (D)
  A mummy (D)
  An adder skeleton (D)
  2 jackals (D)
14 creatures vanquished.

Vanquished Creatures (collateral kills)
  A porcupine (D)
  A quasit (D)
  2 river rats (D)
4 creatures vanquished.

Vanquished Creatures (others)
  An electric eel (shapeshifter) (D)
  39 jellies (D)
  2 adder zombies (D)
  An adder skeleton (D)
  2 bat skeletons (D)
  A bat (shapeshifter) (D)
  A jackal skeleton (D)
  A leopard gecko zombie (D)
  A spectral ball python (D)
  A spectral jackal (D)
  A spectral leopard gecko (D)
51 creatures vanquished.

Grand Total: 69 creatures vanquished

Notes
Turn   | Place    | Note
-------+----------+-------------------------------------------
     0 | D        | Gorglomux the Formicid Fighter began the quest for the Orb.
     0 | D        | Reached XP level 1. HP: 18/18 MP: 1/1
    16 | D        | Found a blossoming altar of Fedhas.
    17 | D        | Found a viscous altar of Jiyva.
    17 | D        | Found a transporter.
    17 | D        | Found a hazy altar of Hepliaklqana.
    17 | D        | Found an ancient bone altar of Kikubaaqudgha.
    17 | D        | Found an opulent altar of Gozag.
    17 | D        | Found a corrupted altar of Lugonu.
    21 | D        | Found a burning altar of Makhleb.
    22 | D        | Found a sacrificial altar of Ru.
    22 | D        | Found a deep blue altar of Sif Muna.
    22 | D        | Found a stormy altar of Qazlal.
    22 | D        | Found a bloodstained altar of Trog.
    22 | D        | Found an iron altar of Okawaru.
    22 | D        | Found a sparkling altar of Nemelex Xobeh.
    29 | D        | Reached skill level 6 in Fighting
    29 | D        | Reached skill level 6 in Armour
    29 | D        | Reached XP level 2. HP: 29/29 MP: 2/2
    69 | D        | Became a worshipper of Jiyva Jael the Shapeless
    72 | D        | Reached * piety under Jiyva
    72 | D        | Reached ** piety under Jiyva
    72 | D        | Reached *** piety under Jiyva
    72 | D        | Gained mutation: You are resistant to hostile enchantments. (MR+) [Jiyva's grace]
    73 | D        | Reached **** piety under Jiyva
    73 | D        | Lost mutation: You are resistant to hostile enchantments. (MR+) [Jiyva's grace]
    73 | D        | Reached ***** piety under Jiyva
    73 | D        | Gained mutation: Your spells are a little harder to cast, but a little more powerful. [Jiyva's grace]
    73 | D        | Gained mutation: You are somewhat resistant to further mutation. [Jiyva's grace]
    73 | D        | Lost mutation: Your spells are a little harder to cast, but a little more powerful. [Jiyva's grace]
    73 | D        | Reached ****** piety under Jiyva
    75 | D        | Gained mutation: You are partially covered in rugged brown scales. (AC +1, +3% HP) [Jiyva's grace]
    75 | D        | Gained mutation: Your system is resistant to poisons. (rPois) [Jiyva's grace]
    77 | D        | Gained mutation: You are agile. (Dex +2) [Jiyva's grace]
    79 | D        | Gained mutation: You are covered in slimy tendrils that may disarm your opponents. [Jiyva's grace]
    82 | D        | Lost mutation: You are agile. (Dex +2) [Jiyva's grace]
    84 | D        | Lost mutation: Your system is resistant to poisons. (rPois) [Jiyva's grace]
    84 | D        | Lost mutation: You are partially covered in rugged brown scales. (AC +1, +3% HP) [Jiyva's grace]
    84 | D        | Gained mutation: Your muscles are strong. (Str +2) [Jiyva's grace]
    87 | D        | Gained mutation: You have a small jelly attached to you that senses nearby items. [Jiyva's grace]
    89 | D        | Gained mutation: You have large cloven feet. [Jiyva's grace]
    89 | D        | Gained mutation: You possess an exceptional clarity of mind. [Jiyva's grace]
    89 | D        | Lost mutation: You possess an exceptional clarity of mind. [Jiyva's grace]
    90 | D        | Gained mutation: You have a somewhat thin skeletal structure. (Dex +2, Stealth) [Jiyva's grace]
    90 | D        | Gained mutation: Your natural rate of healing is unusually fast. [Jiyva's grace]
    90 | D        | Lost mutation: You are covered in slimy tendrils that may disarm your opponents. [Jiyva's grace]
    91 | D        | Lost mutation: Your natural rate of healing is unusually fast. [Jiyva's grace]
    91 | D        | Lost mutation: You have large cloven feet. [Jiyva's grace]
    92 | D        | Lost mutation: You have a somewhat thin skeletal structure. (Dex +2, Stealth) [Jiyva's grace]
    92 | D        | Gained mutation: You are dopey. (Int -2) [Jiyva's grace]
    94 | D        | Lost mutation: You have a small jelly attached to you that senses nearby items. [Jiyva's grace]
    95 | D        | Gained mutation: You are somewhat resistant to both further mutation and mutation removal. [Jiyva's grace]
    95 | D        | Lost mutation: You are somewhat resistant to both further mutation and mutation removal. [Jiyva's grace]
    97 | D        | Gained mutation: Armour fits poorly on your pseudopods. [Jiyva's grace]
    97 | D        | Gained mutation: You are clumsy. (Dex -2) [Jiyva's grace]
    97 | D        | Lost mutation: You are somewhat resistant to further mutation. [Jiyva's grace]
    97 | D        | Gained mutation: You are somewhat resistant to further mutation. [Jiyva's grace]
    97 | D        | Gained mutation: Your rubbery body absorbs attacks. (AC +1, EV +1) [Jiyva's grace]
    99 | D        | Gained mutation: Your translucent skin slightly reduces your foes' accuracy. (Stealth) [Jiyva's grace]
    99 | D        | Lost mutation: Your muscles are strong. (Str +2) [Jiyva's grace]
   100 | D        | Gained mutation: You are frail. (-10% HP) [Jiyva's grace]
   100 | D        | Lost mutation: You are frail. (-10% HP) [Jiyva's grace]
   101 | D        | Gained mutation: Your spells are a little harder to cast, but a little more powerful. [Jiyva's grace]
   102 | D        | Lost mutation: You are dopey. (Int -2) [Jiyva's grace]
   104 | D        | Gained mutation: You have a small jelly attached to you that may absorb incoming projectiles. [Jiyva's grace]
   105 | D        | Lost mutation: Your spells are a little harder to cast, but a little more powerful. [Jiyva's grace]
   105 | D        | Gained mutation: You have an increased reservoir of magic. (+10% MP) [Jiyva's grace]
   106 | D        | Gained mutation: You have sharp toenails. [Jiyva's grace]
   107 | D        | Gained mutation: Armour fits poorly on your large pseudopods. [Jiyva's grace]
   107 | D        | Lost mutation: Your rubbery body absorbs attacks. (AC +1, EV +1) [Jiyva's grace]
   108 | D        | Gained mutation: You are dopey. (Int -2) [Jiyva's grace]
   109 | D        | Gained mutation: You have acidic saliva. [Jiyva's grace]
   109 | D        | Lost mutation: Armour fits poorly on your large pseudopods. [Jiyva's grace]
   110 | D        | Lost mutation: You are clumsy. (Dex -2) [Jiyva's grace]
   110 | D        | Lost mutation: You have sharp toenails. [Jiyva's grace]
   110 | D        | Gained mutation: Your muscles are strong. (Str +2) [Jiyva's grace]
   110 | D        | Gained mutation: Your translucent skin reduces your foes' accuracy. (Stealth) [Jiyva's grace]
   110 | D        | Lost mutation: You have a small jelly attached to you that may absorb incoming projectiles. [Jiyva's grace]
   111 | D        | Lost mutation: You are somewhat resistant to further mutation. [Jiyva's grace]
   111 | D        | Lost mutation: Your translucent skin reduces your foes' accuracy. (Stealth) [Jiyva's grace]
   111 | D        | Gained mutation: Scrolls take you a little longer to read. [Jiyva's grace]
   111 | D        | Lost mutation: Scrolls take you a little longer to read. [Jiyva's grace]
   111 | D        | Gained mutation: You possess an exceptional clarity of mind. [Jiyva's grace]
   113 | D        | Lost mutation: Your muscles are strong. (Str +2) [Jiyva's grace]
   113 | D        | Lost mutation: You are dopey. (Int -2) [Jiyva's grace]
   113 | D        | Lost mutation: You possess an exceptional clarity of mind. [Jiyva's grace]
   118 | D        | Gained mutation: Your muscles are strong. (Str +2) [Jiyva's grace]
   126 | D        | Lost mutation: Your muscles are strong. (Str +2) [Jiyva's grace]
   131 | D        | Gained mutation: You have a small jelly attached to you that senses nearby items. [Jiyva's grace]
   138 | D        | Gained mutation: You are covered in fur. (AC +1) [Jiyva's grace]
   141 | D        | Gained mutation: You are weak. (Str -2) [Jiyva's grace]
   147 | D        | Lost mutation: You are weak. (Str -2) [Jiyva's grace]
   156 | D        | Gained mutation: You have sharp toenails. [Jiyva's grace]
   164 | D        | Lost mutation: You have acidic saliva. [Jiyva's grace]
   169 | D        | Lost mutation: You have sharp toenails. [Jiyva's grace]
   173 | D        | Gained mutation: Your movements are slightly less encumbered by armour. (ER -2) [Jiyva's grace]
   176 | D        | Gained mutation: You are covered in slimy tendrils that may disarm your opponents. [Jiyva's grace]
   179 | D        | Gained mutation: Your mind is acute. (Int +2) [Jiyva's grace]
   183 | D        | Lost mutation: Your mind is acute. (Int +2) [Jiyva's grace]
   189 | D        | Gained mutation: Your system is resistant to poisons. (rPois) [Jiyva's grace]
   195 | D        | Gained mutation: Your translucent skin reduces your foes' accuracy. (Stealth) [Jiyva's grace]
   199 | D        | Lost mutation: You have an increased reservoir of magic. (+10% MP) [Jiyva's grace]
   204 | D        | Gained mutation: You have acidic saliva. [Jiyva's grace]
   208 | D        | Gained mutation: You are partially covered in icy blue scales. (AC +2) [Jiyva's grace]
   212 | D        | Lost mutation: Your movements are slightly less encumbered by armour. (ER -2) [Jiyva's grace]
   216 | D        | Gained mutation: Armour fits poorly on your large pseudopods. [Jiyva's grace]
   223 | D        | Lost mutation: You are covered in fur. (AC +1) [Jiyva's grace]
   226 | D        | Gained mutation: You are resistant to hostile enchantments. (MR+) [Jiyva's grace]
   230 | D        | Gained mutation: You do not regenerate when monsters are visible. [Jiyva's grace]
   235 | D        | Gained mutation: You are covered in fur. (AC +1) [Jiyva's grace]
   238 | D        | Lost mutation: You are covered in fur. (AC +1) [Jiyva's grace]
   243 | D        | Gained mutation: Your mind is acute. (Int +2) [Jiyva's grace]
   246 | D        | Lost mutation: You are covered in slimy tendrils that may disarm your opponents. [Jiyva's grace]
   252 | D        | Lost mutation: You are partially covered in icy blue scales. (AC +2) [Jiyva's grace]
   259 | D        | Lost mutation: Armour fits poorly on your large pseudopods. [Jiyva's grace]
   266 | D        | Lost mutation: You are resistant to hostile enchantments. (MR+) [Jiyva's grace]
   273 | D        | Lost mutation: You have a small jelly attached to you that senses nearby items. [Jiyva's grace]
   273 | D        | Lost mutation: You do not regenerate when monsters are visible. [Jiyva's grace]
   273 | D        | Gained mutation: You have sharp fingernails. [Jiyva's grace]
   273 | D        | Gained mutation: You have very sharp fingernails. [Jiyva's grace]
   277 | D        | Gained mutation: Your rubbery body absorbs attacks. (AC +1, EV +1) [Jiyva's grace]
   288 | D        | Lost mutation: Your mind is acute. (Int +2) [Jiyva's grace]
   292 | D        | Gained mutation: You are robust. (+10% HP) [Jiyva's grace]
   294 | D        | Lost mutation: You have acidic saliva. [Jiyva's grace]
   301 | D        | Lost mutation: You are robust. (+10% HP) [Jiyva's grace]
   314 | D        | Gained mutation: Your magical capacity is low. (-10% MP) [Jiyva's grace]
   322 | D        | Gained mutation: Your transparent skin significantly reduces your foes' accuracy. (Stealth) [Jiyva's grace]
   335 | D        | Lost mutation: Your magical capacity is low. (-10% MP) [Jiyva's grace]
   359 | D        | Gained mutation: Your pliable body absorbs attacks. (AC +2, EV +2) [Jiyva's grace]
   366 | D        | Gained mutation: You are partially covered in iridescent scales. (AC +2) [Jiyva's grace]
   377 | D        | Lost mutation: You have very sharp fingernails. [Jiyva's grace]
   378 | D        | Gained mutation: Your muscles are strong. (Str +2) [Jiyva's grace]
   381 | D        | Gained mutation: You are robust. (+10% HP) [Jiyva's grace]
   381 | D        | Lost mutation: Your muscles are strong. (Str +2) [Jiyva's grace]
   383 | D        | Gained mutation: You have a small jelly attached to you that senses nearby items. [Jiyva's grace]
   388 | D        | Gained mutation: You have acidic saliva. [Jiyva's grace]
   391 | D        | Lost mutation: You have sharp fingernails. [Jiyva's grace]
   399 | D        | Gained mutation: Your body has grown golden eyes which may confuse attackers. (Acc +3) [Jiyva's grace]
   399 | D        | Gained mutation: Your mind is acute. (Int +2) [Jiyva's grace]
   401 | D        | Gained mutation: You have a small jelly attached to you that may absorb incoming projectiles. [Jiyva's grace]
   404 | D        | Lost mutation: Your pliable body absorbs attacks. (AC +2, EV +2) [Jiyva's grace]
   418 | D        | Lost mutation: Your mind is acute. (Int +2) [Jiyva's grace]
   428 | D        | Gained mutation: Your spells are a little harder to cast, but a little more powerful. [Jiyva's grace]
   437 | D        | Gained mutation: You possess an exceptional clarity of mind. [Jiyva's grace]
   445 | D        | Lost mutation: Armour fits poorly on your pseudopods. [Jiyva's grace]
   446 | D        | Gained mutation: You have large cloven feet. [Jiyva's grace]
   446 | D        | Gained mutation: You have an increased reservoir of magic. (+10% MP) [Jiyva's grace]
   446 | D        | Gained mutation: Armour fits poorly on your pseudopods. [Jiyva's grace]
   453 | D        | Gained mutation: You are covered in slimy tendrils that may disarm your opponents. [Jiyva's grace]
   466 | D        | Lost mutation: You have a small jelly attached to you that senses nearby items. [Jiyva's grace]
   475 | D        | Gained mutation: You are agile. (Dex +2) [Jiyva's grace]
   488 | D        | Gained mutation: Your pliable body absorbs attacks. (AC +2, EV +2) [Jiyva's grace]
   499 | D        | Lost mutation: You have an increased reservoir of magic. (+10% MP) [Jiyva's grace]
   514 | D        | Gained mutation: You are very agile. (Dex +4) [Jiyva's grace]
   519 | D        | Lost mutation: You are very agile. (Dex +4) [Jiyva's grace]
   519 | D        | Gained mutation: Your flesh is cold resistant. (rC+) [Jiyva's grace]
   528 | D        | Gained mutation: You have an increased reservoir of magic. (+10% MP) [Jiyva's grace]
   528 | D        | Gained mutation: Armour fits poorly on your large pseudopods. [Jiyva's grace]
   538 | D        | Lost mutation: Your flesh is cold resistant. (rC+) [Jiyva's grace]
   550 | D        | Lost mutation: You have a small jelly attached to you that may absorb incoming projectiles. [Jiyva's grace]
   559 | D        | Lost mutation: Your pliable body absorbs attacks. (AC +2, EV +2) [Jiyva's grace]
   572 | D        | Lost mutation: Your spells are a little harder to cast, but a little more powerful. [Jiyva's grace]
   583 | D        | Lost mutation: You have acidic saliva. [Jiyva's grace]
   594 | D        | Lost mutation: Armour fits poorly on your large pseudopods. [Jiyva's grace]
   597 | D        | Lost mutation: You are covered in slimy tendrils that may disarm your opponents. [Jiyva's grace]
   603 | D        | Lost mutation: Your system is resistant to poisons. (rPois) [Jiyva's grace]
   607 | D        | Gained mutation: You are resistant to electric shocks. (rElec) [Jiyva's grace]
   615 | D        | Lost mutation: Armour fits poorly on your pseudopods. [Jiyva's grace]
   620 | D        | Lost mutation: You are partially covered in iridescent scales. (AC +2) [Jiyva's grace]
   620 | D        | Gained mutation: Your pliable body absorbs attacks. (AC +2, EV +2) [Jiyva's grace]
   621 | D        | Lost mutation: You are agile. (Dex +2) [Jiyva's grace]
   622 | D        | Lost mutation: You have an increased reservoir of magic. (+10% MP) [Jiyva's grace]
   623 | D        | Lost mutation: You are robust. (+10% HP) [Jiyva's grace]
   624 | D        | Lost mutation: You possess an exceptional clarity of mind. [Jiyva's grace]
   625 | D        | Lost mutation: You are resistant to electric shocks. (rElec) [Jiyva's grace]
   626 | D        | Lost mutation: Your body has grown golden eyes which may confuse attackers. (Acc +3) [Jiyva's grace]
   628 | D        | Lost mutation: Your pliable body absorbs attacks. (AC +2, EV +2) [Jiyva's grace]
   629 | D        | Gained mutation: You are robust. (+10% HP) [Jiyva's grace]
   631 | D        | Lost mutation: Your transparent skin significantly reduces your foes' accuracy. (Stealth) [Jiyva's grace]
   633 | D        | Lost mutation: Your rubbery body absorbs attacks. (AC +1, EV +1) [Jiyva's grace]
   640 | D        | Lost mutation: Your translucent skin reduces your foes' accuracy. (Stealth) [Jiyva's grace]
   660 | D        | Gained mutation: You have hoof-like feet. [Jiyva's grace]
   662 | D        | Lost mutation: Your translucent skin slightly reduces your foes' accuracy. (Stealth) [Jiyva's grace]
   662 | D        | Gained mutation: Your flesh is heat resistant. (rF+) [Jiyva's grace]
   692 | D        | Lost mutation: You are robust. (+10% HP) [Jiyva's grace]
   693 | D        | Lost mutation: You have hoof-like feet. [Jiyva's grace]
   695 | D        | Lost mutation: Your flesh is heat resistant. (rF+) [Jiyva's grace]
   698 | D        | Gained mutation: You are partially covered in molten scales. (AC +2) [Jiyva's grace]
   724 | D        | Gained mutation: You are weak. (Str -2) [Jiyva's grace]
   724 | D        | Gained mutation: Your translucent skin slightly reduces your foes' accuracy. (Stealth) [Jiyva's grace]
   774 | D        | Lost mutation: You have large cloven feet. [Jiyva's grace]
   777 | D        | Gained mutation: You are frail. (-10% HP) [Jiyva's grace]
   778 | D        | Lost mutation: You are partially covered in molten scales. (AC +2) [Jiyva's grace]
   795 | D        | Lost mutation: You are frail. (-10% HP) [Jiyva's grace]
   843 | D        | Lost mutation: You are weak. (Str -2) [Jiyva's grace]
   852 | D        | Lost mutation: Your translucent skin slightly reduces your foes' accuracy. (Stealth) [Jiyva's grace]
   885 | D        | Gained mutation: Your rubbery body absorbs attacks. (AC +1, EV +1) [Jiyva's grace]
   887 | D        | Gained mutation: You have sharp toenails. [Jiyva's grace]
   889 | D        | Gained mutation: You have a small jelly attached to you that may absorb incoming projectiles. [Jiyva's grace]
   894 | D        | Entered arena 2.
   894 | D        | Noticed a death scarab
   894 | D        | Found a transporter.
   898 | D        | Killed a death scarab
   898 | D        | Reached XP level 3. HP: 26/43 MP: 3/3
   898 | D        | Reached XP level 4. HP: 30/50 MP: 4/4
   898 | D        | Reached XP level 5. HP: 33/55 MP: 5/5
   898 | D        | Reached XP level 6. HP: 38/62 MP: 6/6
   898 | D        | Reached XP level 7. HP: 41/68 MP: 7/7
   931 | D        | Gained mutation: You are partially covered in iridescent scales. (AC +2) [Jiyva's grace]
   974 | D        | Lost mutation: You have sharp toenails. [Jiyva's grace]
   979 | D        | Lost mutation: You have a small jelly attached to you that may absorb incoming projectiles. [Jiyva's grace]
   979 | D        | Gained mutation: You evolve. [Jiyva's grace]
   986 | D        | Gained mutation: You are agile. (Dex +2) [Jiyva's grace]
  1007 | D        | Lost mutation: You are agile. (Dex +2) [Jiyva's grace]
  1031 | D        | Gained mutation: Your spells are a little easier to cast, but a little less powerful. [Jiyva's grace]
  1031 | D        | Lost mutation: Your spells are a little easier to cast, but a little less powerful. [Jiyva's grace]
  1075 | D        | Gained mutation: You are covered in slimy tendrils that may disarm your opponents. [Jiyva's grace]
  1118 | D        | Gained mutation: Your translucent skin slightly reduces your foes' accuracy. (Stealth) [Jiyva's grace]
  1141 | D        | Lost mutation: Your translucent skin slightly reduces your foes' accuracy. (Stealth) [Jiyva's grace]
  1147 | D        | Gained mutation: You are partially covered in slimy green scales. (AC +2) [Jiyva's grace]
  1188 | D        | Gained mutation: You are mostly covered in iridescent scales. (AC +4) [evolution]
  1194 | D        | Gained mutation: Your translucent skin slightly reduces your foes' accuracy. (Stealth) [Jiyva's grace]
  1261 | D        | Gained mutation: You are covered in fur. (AC +1) [Jiyva's grace]
  1421 | D        | Lost mutation: You are mostly covered in iridescent scales. (AC +4) [Jiyva's grace]
  1421 | D        | Gained mutation: Your system is resistant to poisons. (rPois) [Jiyva's grace]
  1457 | D        | Gained mutation: You are partially covered in molten scales. (AC +2) [Jiyva's grace]
  1459 | D        | Gained mutation: Your translucent skin reduces your foes' accuracy. (Stealth) [Jiyva's grace]
  1459 | D        | Gained mutation: Your spells are a little harder to cast, but a little more powerful. [Jiyva's grace]
  1472 | D        | Lost mutation: You evolve. [Jiyva's grace]
  1473 | D        | Gained mutation: You are agile. (Dex +2) [Jiyva's grace]
  1482 | D        | Gained mutation: Your body has grown golden eyes which may confuse attackers. (Acc +3) [Jiyva's grace]
  1521 | D        | Lost mutation: Your spells are a little harder to cast, but a little more powerful. [Jiyva's grace]
  1599 | D        | Gained mutation: You have large cloven feet. [Jiyva's grace]
  1600 | D        | Gained mutation: You have a small jelly attached to you that senses nearby items. [Jiyva's grace]
  1600 | D        | Lost mutation: You have a small jelly attached to you that senses nearby items. [Jiyva's grace]
  1618 | D        | Gained mutation: You have a small jelly attached to you that senses nearby items. [Jiyva's grace]
  1638 | D        | Gained mutation: You have acidic saliva. [Jiyva's grace]
  1638 | D        | Gained mutation: Armour fits poorly on your pseudopods. [Jiyva's grace]
  1678 | D        | Lost mutation: Your body has grown golden eyes which may confuse attackers. (Acc +3) [Jiyva's grace]
  1679 | D        | Gained mutation: Your muscles are strong. (Str +2) [Jiyva's grace]
  1680 | D        | Lost mutation: Your muscles are strong. (Str +2) [Jiyva's grace]
  1681 | D        | Gained mutation: Your body has grown golden eyes which may confuse attackers. (Acc +3) [Jiyva's grace]
  1683 | D        | Lost mutation: Your translucent skin reduces your foes' accuracy. (Stealth) [Jiyva's grace]
  1733 | D        | Gained mutation: Your muscles are strong. (Str +2) [Jiyva's grace]
  1742 | D        | Gained mutation: Your spells are a little harder to cast, but a little more powerful. [Jiyva's grace]
  1766 | D        | Lost mutation: Your muscles are strong. (Str +2) [Jiyva's grace]
  1768 | D        | Gained mutation: Your translucent skin reduces your foes' accuracy. (Stealth) [Jiyva's grace]
  1769 | D        | Lost mutation: Your system is resistant to poisons. (rPois) [Jiyva's grace]
  1772 | D        | Lost mutation: Your translucent skin reduces your foes' accuracy. (Stealth) [Jiyva's grace]
  1774 | D        | Lost mutation: Your body has grown golden eyes which may confuse attackers. (Acc +3) [Jiyva's grace]
  1806 | D        | Gained mutation: Your translucent skin reduces your foes' accuracy. (Stealth) [Jiyva's grace]
  1806 | D        | Lost mutation: You are covered in slimy tendrils that may disarm your opponents. [Jiyva's grace]
  1865 | D        | Lost mutation: You have large cloven feet. [Jiyva's grace]
  1900 | D        | Lost mutation: Armour fits poorly on your pseudopods. [Jiyva's grace]
  1903 | D        | Lost mutation: Your rubbery body absorbs attacks. (AC +1, EV +1) [Jiyva's grace]
  1905 | D        | Gained mutation: Your muscles are strong. (Str +2) [Jiyva's grace]
  1921 | D        | Entered arena 3.
  1921 | D        | Found a transporter.
  1925 | D        | Reached XP level 8. HP: 75/75 MP: 8/8
  1931 | D        | Entered arena 4.
  1931 | D        | Found a transporter.
  1943 | D        | Got the ring "Xeypotun" {rCorr Dex+4}
  1945 | D        | Entered arena 5.
  1945 | D        | Found a transporter.
  1956 | D        | Entered arena 6.
  1956 | D        | Found a transporter.
  1959 | D        | Reached skill level 12 in Fighting
  1959 | D        | Reached skill level 12 in Armour
  1968 | D        | Entered arena 7.
  1968 | D        | Noticed a slime creature
  1968 | D        | Noticed a vault warden
  1968 | D        | Noticed a yaktaur captain
  1968 | D        | Noticed a vault guard
  1968 | D        | Noticed a salamander
  1968 | D        | Noticed a frost giant
  1968 | D        | Lost mutation: Your muscles are strong. (Str +2) [Jiyva's grace]
  1969 | D        | Found a transporter.
  1971 | D        | Gained mutation: Your magical capacity is low. (-10% MP) [Jiyva's grace]
  1972 | D        | Killed from afar by a frost giant

Skill      XL: |  1  2  3  4  5  6  7  8 |
---------------+-------------------------+-----
Fighting       | 6 11 12 | 12.2
Armour         | 6 11 12 | 12.2
Shields        | 10 11 | 11.8
Maces & Flails | |  2.0

Action                   |  1- 3 |  4- 6 |  7- 9 || total
-------------------------+-------+-------+-------++-------
Melee: Broad axe         |     3 |       |    17 ||    20
       Bite              |       |       |     2 ||     2
Invok: Request Jelly     |       |       |     1 ||     1
  Use: Potion            |     1 |       |       ||     1
       Scroll            |       |       |     1 ||     1
Armor: Plate armour      |     2 |       |    22 ||    24
Dodge: Dodged            |       |       |     1 ||     1
Block: Shield            |     2 |       |    31 ||    33
